[ PARTIDA AOE2 · #482227205 ]
UnrankedLituanos vs Koreans
[ ANÁLISIS DE REPETICIÓN · EXTRAÍDO DE LA PARTIDA GRABADA ]
Feudal
—
Castillos
—
Imperial
—
| APM promedio | 10.1 |
| APM pico | 13 |
| eAPM promedio | 7.1 |
| Aldeanos / militares | 1 / 0 |
Foco
⚔️ 0.0% · 🌾 100.0%
Feudal
—
Castillos
—
Imperial
—
| APM promedio | 2.5 |
| APM pico | 5 |
| eAPM promedio | 2.2 |
| Aldeanos / militares | 0 / 0 |
Foco
⚔️ 0.0% · 🌾 100.0%
Feudal
—
Castillos
—
Imperial
—
| APM promedio | 3.4 |
| APM pico | 11 |
| eAPM promedio | 1.5 |
| Aldeanos / militares | 0 / 0 |
Foco
⚔️ 0.0% · 🌾 100.0%
Feudal
—
Castillos
—
Imperial
—
| APM promedio | 8.0 |
| APM pico | 10 |
| eAPM promedio | 1.5 |
| Aldeanos / militares | 0 / 0 |
Foco
⚔️ 0.0% · 🌾 100.0%
Feudal
—
Castillos
—
Imperial
—
| APM promedio | 4.6 |
| APM pico | 15 |
| eAPM promedio | 0.9 |
| Aldeanos / militares | 0 / 0 |
Feudal
—
Castillos
—
Imperial
—
| APM promedio | 0.9 |
| APM pico | 3 |
| eAPM promedio | 0.9 |
| Aldeanos / militares | 0 / 0 |
Feudal
—
Castillos
—
Imperial
—
| APM promedio | 18.1 |
| APM pico | 29 |
| eAPM promedio | 6.8 |
| Aldeanos / militares | 5 / 0 |
Foco
⚔️ 8.3% · 🌾 91.7%
Feudal
—
Castillos
—
Imperial
—
| APM promedio | 11.7 |
| APM pico | 14 |
| eAPM promedio | 6.1 |
| Aldeanos / militares | 5 / 0 |
Foco
⚔️ 9.1% · 🌾 90.9%
Mapa de la partida
Recursos iniciales + cada clic de construcción. Líneas = muros · curvas = relieve. ◆ oro · ⬟ piedra · ● bayas · ✦ reliquia · ◌ hueco del cierre
Tu base
Base de LuiNacho
Base de Blitz818
Base de smillerg
Base de felipe.oyarzo88
Base de Augusta
Base de mpowerltdukhiphop
Base de PopySeed_[CuERvO]
Terreno inicial suavizado · ◌ = hueco del cierre detectado · pasá el cursor para detalles
Inputs por minuto
— Ryomen Sukuna - - LuiNacho
Build order — Ryomen Sukuna
4 acciones detectadas en el replay
| 0:58 | Construir | Town Center |
| 2:43 | Construir | House |
| 2:45 | Construir | House |
| 3:14 | Crear | Villager (Male) |
Build order — LuiNacho
1 acciones detectadas en el replay
| 2:02 | Construir | Town Center |
Build order — Blitz818
1 acciones detectadas en el replay
| 0:11 | Construir | Town Center |
Build order — smillerg
1 acciones detectadas en el replay
| 1:29 | Construir | Town Center |
Build order — felipe.oyarzo88
0 acciones detectadas en el replay
Build order — Augusta
0 acciones detectadas en el replay
Build order — mpowerltdukhiphop
8 acciones detectadas en el replay
| 0:06 | Construir | Town Center |
| 0:58 | Construir | House |
| 1:49 | Construir | Dock |
| 2:35 | Crear | Villager (Male) |
| 2:35 | Crear | Villager (Male) |
| 2:35 | Crear | Villager (Male) |
| 2:36 | Crear | Villager (Male) |
| 2:36 | Crear | Villager (Male) |
Build order — PopySeed_[CuERvO]
9 acciones detectadas en el replay
| 0:10 | Construir | Town Center |
| 1:11 | Construir | House |
| 1:13 | Construir | House |
| 2:25 | Construir | Dock |
| 2:45 | Crear | Villager (Male) |
| 2:46 | Crear | Villager (Male) |
| 2:46 | Crear | Villager (Male) |
| 2:46 | Crear | Villager (Male) |
| 2:47 | Crear | Villager (Male) |
Cronología de la partida
| 0:10 | Augusta · resign |
| 1:49 | mpowerltdukhiphop · first_building Dock |
| 2:25 | PopySeed_[CuERvO] · first_building Dock |
[ ANÁLISIS IA · 1 CRÉDITO ]
¿Qué pasó realmente en esta partida?
Wolo.gg analiza cada decisión: build order, eco, micro, errores típicos por bracket. Análisis personalizado por WhatsApp o Discord en 30 segundos.
Guía civ
Lituanos
Perfil
Jugador #6083124